 Dungeon Crawl Stone Soup version 0.23.1 (webtiles) character file.

Game seed: 0

86408 teukkam the Blocker (level 15, -7/137 HPs)
             Began as a Minotaur Fighter on Mar 6, 2019.
             Was the Champion of Nemelex Xobeh.
             Mangled by a thorn hunter (13 damage)
             ... on level 4 of the Swamp on Mar 11, 2019.
             The game lasted 02:27:20 (24824 turns).

teukkam the Blocker (Minotaur Fighter)             Turns: 24824, Time: 02:27:22

Health: -7/137     AC: 17    Str: 32      XL:     15   Next: 40%
Magic:  20/20      EV: 10    Int:  4 (5)  God:    Nemelex Xobeh [******]
Gold:   685        SH: 15    Dex: 14      Spells: 14/14 levels left

rFire    . . .     SeeInvis +   a - +7 dagger of Fividel {pierce, MR+ Str+5}
rCold    . . .     Gourm    .   Q - +0 shield
rNeg     . . .     Faith    .   E - +4 ring mail of the Flute {rC+ Int+2 Dex+2}
rPois    .         Spirit   .   H - +2 hat
rElec    .         Reflect  .   (no cloak)
rCorr    +         Harm     +   i - +0 pair of gloves
MR       ++...                  (no boots)
Stlth    +.........             V - amulet of harm
HPRegen  0.32/turn              K - +1 ring of slaying
MPRegen  0.17/turn              t - ring "Dagufeyz" {rCorr +Blink rC- Stlth+}

@: about to teleport, very slow
A: retaliatory headbutt, horns 2, thin metallic scales 1, see invisible, agile
1, deterioration 1, dopey 1, low mp 1
a: Draw Escape, Draw Destruction, Draw Summoning, Draw Stack, Triple Draw, Deal
Four, Stack Five, Renounce Religion, Evoke Blink


You were on level 4 of the Swamp.
You worshipped Nemelex Xobeh.
Nemelex Xobeh was exalted by your worship.
You were not hungry.

You visited 5 branches of the dungeon, and saw 25 of its levels.

You collected 1569 gold pieces.
You spent 884 gold pieces at shops.

Inventory:

Hand Weapons
 a - the +7 dagger of Fividel (weapon) {pierce, MR+ Str+5}
   (You found it on level 4 of the Dungeon)

   It inflicts extra damage upon your enemies.
   It affects your strength (+5).
   It affects your resistance to hostile enchantments.
 b - a +4 fustibalus of flaming
 c - a +0 scimitar of flaming
 q - a +0 blowgun
 s - the +3 quarterstaff "Hih Necy" {antimagic, rC++ SInv}
   (You found it on level 1 of the Lair of Beasts)

   It reduces the magical energy of the wielder, and disrupts the spells and
   magical abilities of those hit.
   Natural abilities and divine invocations are not affected.
   It greatly protects you from cold.
   It lets you see invisible.
 N - a +1 dagger of venom
Missiles
 j - 324 arrows
 p - 12 curare-tipped needles
 r - 342 stones
 u - 67 poisoned needles
 A - a javelin
 B - 4 steel tomahawks
 D - 18 tomahawks (quivered)
Armour
 i - a +0 pair of gloves (worn)
 z - a +2 chain mail of poison resistance
 E - the +4 ring mail of the Flute (worn) {rC+ Int+2 Dex+2}
   (You bought it in a shop on level 2 of the Orcish Mines)

   It affects your intelligence (+2).
   It affects your dexterity (+2).
   It protects you from cold.
 H - a +2 hat (worn)
 Q - a +0 shield (worn)
 S - the +0 pair of boots of the Doldrums {rN+++ Int-4 Dex+2 Slay-2}
   (You found it on level 11 of the Dungeon)

   It affects your intelligence (-4).
   It affects your dexterity (+2).
   It affects your accuracy and damage with ranged weapons and melee attacks
   (-2).
   It renders you almost immune to negative energy.
Jewellery
 n - the amulet of the Air {Inacc +Fly rElec EV+5 RMsl}
   (You found it on level 6 of the Lair of Beasts)

   [amulet of inaccuracy]

   It reduces the accuracy of all your attacks.
   It affects your evasion (+5).
   It insulates you from electricity.
   It lets you fly.
   It protects you from missiles.
 t - the ring "Dagufeyz" (right hand) {rCorr +Blink rC- Stlth+}
   (You found it on level 1 of the Lair of Beasts)

   [ring of resist corrosion]

   It makes you vulnerable to cold.
   It lets you blink.
   It makes you more stealthy.
 F - an uncursed ring of poison resistance
 G - an uncursed amulet of rage
 K - a +1 ring of slaying (left hand)
 L - an uncursed ring of fire
 O - an uncursed ring of flight
 T - an uncursed ring of ice
 V - an amulet of harm (around neck)
Wands
 Y - a wand of polymorph (10)
Scrolls
 e - 4 scrolls of remove curse
 h - 2 scrolls of amnesia
 l - 2 scrolls of enchant armour
 m - 17 scrolls of identify
 o - 9 scrolls of teleportation
 x - 2 scrolls of magic mapping
 y - a scroll of enchant weapon
Potions
 d - 2 potions of might
 k - 2 potions of lignification
 w - a potion of haste
 C - a potion of flight
 I - a potion of ambrosia
 M - a potion of invisibility
 R - 2 potions of brilliance
Miscellaneous
 W - a lamp of fire
 Z - a crystal ball of energy
Comestibles
 f - 20 rations


   Skills:
 + Level 13.9 Fighting
 + Level 11.9 Short Blades
   Level 4.7 Axes
 + Level 12.2 Slings
 + Level 13.9 Armour
 + Level 14.1 Shields
 + Level 11.3 Invocations


You had 14 spell levels left.
You didn't know any spells.
Your spell library contained the following spells:

 Spells                   Type           Power        Failure   Level  Hunger
 Beastly Appendage        Tmut           #.....       63%         1    ##.....
 Flame Tongue             Conj/Fire      #....        63%         1    ##.....
 Sandblast                Erth           #.....       63%         1    ##.....
 Sting                    Conj/Pois      #...         63%         1    ##.....
 Summon Small Mammal      Summ           #...         63%         1    ##.....
 Call Imp                 Summ           #.......     77%         2    ###....
 Passwall                 Tmut/Erth      #.......     77%         2    ###....
 Poisonous Vapours        Pois/Air       #.....       77%         2    ###....
 Sticks to Snakes         Tmut           #.......     77%         2    ###....
 Throw Flame              Conj/Fire      #.....       77%         2    ###....
 Call Canine Familiar     Summ           #.......     94%         3    ####...
 Conjure Flame            Conj/Fire      #.......     94%         3    ####...
 Inner Flame              Hex/Fire       #.......     94%         3    ####...
 Mephitic Cloud           Conj/Pois/Air  #.......     94%         3    ####...
 Spider Form              Tmut/Pois      #.........   94%         3    ####...
 Stone Arrow              Conj/Erth      #.....       94%         3    ####...
 Summon Guardian Golem    Hex/Summ       #.......     94%         3    ####...
 Ice Form                 Ice/Tmut       #.......     100%        4    #####..
 Olgreb's Toxic Radiance  Pois           #.......     100%        4    #####..
 Petrify                  Tmut/Erth      #.......     100%        4    #####..
 Sticky Flame             Conj/Fire      #.......     100%        4    #####..
 Summon Ice Beast         Ice/Summ       #.......     100%        4    #####..
 Summon Lightning Spire   Summ/Air       #.......     100%        4    #####..
 Blade Hands              Tmut           #.........   100%        5    ######.
 Fireball                 Conj/Fire      #.........   100%        5    ######.
 Lee's Rapid Deconstruct  Erth           #.........   100%        5    ######.
 Venom Bolt               Conj/Pois      #.........   100%        5    ######.


Dungeon Overview and Level Annotations

Branches:
Dungeon (12/15)            Temple (0/1) D:5            Lair (6/6) D:11
  Swamp (4/4) Lair:4        Snake (0/4) Lair:4        Slime (1/5) Lair:6
    Orc (2/2) D:11            Elf (0/3) Orc:2

Altars:
Ashenzari
Cheibriados
Dithmenos
Elyvilon
Gozag
Hepliaklqana
Makhleb
Nemelex Xobeh
Ru
Sif Muna
Trog
Uskayaw
Vehumet
Xom
Yredelemnul
Zin
The Shining One

Shops:
D:4 [   D:9 :   Orc:2 (!:![

Portals:
Pandemonium: Orc:2

Annotations:
D:8 1 runed translucent door, elfaar's ghost, novice MiBe


Innate Abilities, Weirdness & Mutations

You reflexively headbutt those who attack you in melee.
You have a pair of horns on your head.
You are partially covered in thin metallic scales. (AC +2)
You have supernaturally acute eyesight. (SInv)
You are agile. (Dex +2)
Your body sometimes deteriorates upon taking damage.
You are dopey. (Int -2)
Your magical capacity is low. (-10% MP)


Message History

Branches wave dangerously above you. A root smacks you from below!
* * * LOW HITPOINT WARNING * * *
The spriggan druid barely misses your ice beast.
As you read the scroll of teleportation, it crumbles to dust.
You feel strangely unstable.
You are hit by a branch!
* * * LOW HITPOINT WARNING * * *
The thorn hunter gestures.
Thorny briars emerge from the ground!
Your ice beast hits the spriggan druid but does no damage.
The spriggan druid calls out to the beasts of the wild!
A swamp drake comes into view.
You enter the shallow water.
Moving in this stuff is going to be slow.
You feel roots moving beneath the ground.
Your ice beast hits the spriggan druid.
Your ice beast freezes the spriggan druid!
You block the thorn hunter's attack. The thorn hunter hits you!
You die...
Your body glows slightly and disappears.

♣ **,≈** *♣♣*,≈≈,≈,,,* ♣♣♣≈.≈.♣*
♣♣♣....≈≈≈.§≈,*** <.♣≈≈≈≈≈*
♣♣≈≈≈≈≈.....≈≈≈,≈* ≈≈..≈≈≈♣*
♣♣..k§≈≈≈....≈≈,*** ≈≈.≈..≈♣
♣♣♣.≈≈≈.≈≈≈≈...≈≈≈******
≈≈≈≈..≈♣♣♣≈P≈≈≈≈§♣♣.≈≈≈♣♣,≈≈**,≈*
≈≈≈≈..≈♣♣§.PP≈≈≈°≈§≈≈≈≈(♣♣*≈,,≈≈,
≈≈≈≈≈≈.♣..†PP≈≈≈≈≈.l≈Yi§..,,≈≈≈≈≈
≈≈≈≈≈..^≈≈≈PP≈≈≈@f≈≈≈≈≈.(≈≈≈≈≈≈≈≈
§≈≈≈.≈♣.≈≈≈♣P...≈.†≈≈≈(..§≈≈≈≈≈,≈
≈≈≈≈.♣♣♣♣♣♣♣♣♣♣..≈♣♣.≈≈≈≈≈≈≈≈≈,,,
≈≈≈♣.♣ ♣♣♣♣♣*♣♣≈≈≈≈≈≈,≈≈≈, ≈♣♣♣♣♣
*********** **≈.≈≈≈≈≈≈≈≈ ≈♣
**≈,,≈,*≈,≈** **♣.,≈≈≈≈≈≈ .♣
*****≈,≈,,*,,,≈,** **,,≈≈≈≈≈
♣♣**,,,,,,**,≈≈**≈,≈**** **,≈≈≈≈,
♣ *≈,≈*,≈,**≈≈,**,,,,,≈****,≈≈≈≈,


You could see a thorn hunter, a spriggan druid (petrifying), a swamp drake, a
friendly basilisk and a friendly ice beast.

Vanquished Creatures
  Gastronok (D:10)
  A stone giant (Orc:1)
  A great orb of eyes (Swamp:4)
  Fannar (D:11)
  A ghost crab (Swamp:4)
  7 hydras
  2 shambling mangroves
  A two-headed ogre (D:12)
  Erica (D:11)
  A death yak (Lair:3)
  4 alligators
  6 orc high priests (Orc:2)
  A spriggan (Swamp:2)
  A fire crab (Orc:2)
  A deep troll (Swamp:2)
  A torturous demonspawn (Orc:2)
  A gelid demonspawn (Orc:2)
  An infernal demonspawn (Orc:2)
  3 orc knights (Orc:2)
  3 orc sorcerers (Orc:2)
  An ugly thing (D:12)
  A manticore (D:11)
  A cyclops (Orc:1)
  7 elephants
  5 black mambas
  A torpor snail (Lair:6)
  18 spiny frogs
  4 rime drakes
  A yaktaur (shapeshifter) (D:11)
  7 komodo dragons
  2 hellwings (Orc:2)
  A troll (Orc:2)
  2 tyrant leeches (Lair:6)
  A polar bear (Lair:4)
  8 hornets
  6 slime creatures
  28 blink frogs
  8 hippogriffs
  4 bog bodies
  3 shadows
  3 wraiths
  Sigmund (D:3)
  A fire elemental (D:11)
  36 yaks
  3 basilisks
  Grum (D:10)
  10 vampire mosquitoes
  6 insubstantial wisps (Swamp:3)
  3 wargs (Orc:2)
  3 swamp worms
  7 porcupines
  3 swamp drakes
  14 water moccasins
  A sky beast (D:7)
  3 ice beasts
  22 orc warriors
  5 phantoms
  A black bear (D:9)
  5 wolves
  7 ogres
  A necrophage (D:8)
  5 centaurs
  11 crocodiles
  A big kobold (D:8)
  29 bullfrogs
  A wyvern zombie (D:9)
  A scorpion (D:11)
  57 killer bees
  11 wights
  6 howler monkeys
  3 electric eels
  3 crimson imps
  A bullfrog zombie (D:8)
  2 centaur skeletons
  3 quasits
  17 orc priests
  6 hounds
  4 jellies
  16 orc wizards
  3 hell rats (Lair:6)
  Ijyb (D:3)
  5 iguanas
  3 worker ants
  2 hound zombies
  A hound skeleton (D:10)
  A worker ant zombie (D:8)
  8 adders
  5 gnolls
  A river rat (Lair:6)
  3 shadow imps
  An ooze (Orc:2)
  An adder zombie (D:8)
  2 worms
  5 dart slugs
  9 leopard geckos
  84 orcs
  5 giant cockroaches
  23 goblins
  16 hobgoblins
  17 jackals
  10 kobolds
  6 quokkas
  2 ball pythons
  8 bats
  7 frilled lizards
  A leopard gecko skeleton (D:4)
  6 rats
  A plant (Lair:5)
698 creatures vanquished.

Vanquished Creatures (collateral kills)
  A sphinx (Orc:2)
  Josephine (D:11)
  Erolcha (Orc:2)
  A hydra (Lair:2)
  An orc high priest (Orc:2)
  Sonja (Lair:6)
  A torturous demonspawn (Orc:2)
  An orc knight (Orc:1)
  5 elephants
  3 orc sorcerers (Orc:2)
  2 black mambas
  A rust devil (Orc:2)
  4 spiny frogs (Lair:6)
  An orange demon (Orc:2)
  A rime drake (Lair:6)
  A komodo dragon (Lair:6)
  A blink frog (Lair:6)
  3 dream sheep (Lair:6)
  2 shadows (D:11)
  A vampire (D:11)
  5 yaks
  3 wraiths (D:11)
  A basilisk (D:11)
  3 water moccasins
  12 orc warriors
  2 wolves (Lair:2)
  4 centaurs (D:11)
  2 crocodiles
  A bullfrog (Lair:6)
  3 killer bees
  4 lava snakes (D:11)
  2 orc priests
  4 hell rats (Lair:6)
  8 orcs
  A plant (Orc:2)
88 creatures vanquished.

Vanquished Creatures (others)
  A swamp drake (Swamp:3)
  3 killer bees (D:11)
  An orc priest (D:11)
  A hound (D:5)
  3 orcs (D:11)
  13 fungi
  50 plants
  2 withered plants (D:8)
74 creatures vanquished.

Grand Total: 860 creatures vanquished

Notes
Turn   | Place    | Note
-------+----------+-------------------------------------------
     0 | D:1      | teukkam the Minotaur Fighter began the quest for the Orb.
     0 | D:1      | Reached XP level 1. HP: 19/19 MP: 0/0
    52 | D:1      | Reached XP level 2. HP: 27/27 MP: 1/1
   105 | D:2      | Reached skill level 4 in Shields
   245 | D:2      | Reached XP level 3. HP: 26/33 MP: 2/2
   499 | D:2      | Reached XP level 4. HP: 38/41 MP: 3/3
   892 | D:2      | Found a snail-covered altar of Cheibriados.
  1038 | D:3      | Found a shadowy altar of Dithmenos.
  1204 | D:3      | Noticed Sigmund
  1217 | D:3      | Killed Sigmund
  1217 | D:3      | Reached skill level 5 in Fighting
  1217 | D:3      | Reached skill level 5 in Armour
  1217 | D:3      | Reached skill level 5 in Shields
  1217 | D:3      | Reached XP level 5. HP: 35/48 MP: 4/4
  1217 | D:3      | Reached XP level 6. HP: 41/56 MP: 5/5
  1358 | D:4      | Found Puyxilut's Armour Shoppe.
  1362 | D:4      | Found an opulent altar of Gozag.
  1363 | D:4      | Found a sparkling altar of Nemelex Xobeh.
  1368 | D:4      | Became a worshipper of Nemelex Xobeh the Trickster
  1392 | D:3      | Received a gift from Nemelex Xobeh
  2012 | D:1      | Found a shattered altar of Ashenzari.
  2273 | D:3      | Noticed Ijyb
  2306 | D:3      | Killed Ijyb
  2490 | D:4      | Reached * piety under Nemelex Xobeh
  2575 | D:4      | Found a hazy altar of Hepliaklqana.
  2576 | D:4      | Found a shimmering altar of Xom.
  2576 | D:4      | Noticed a yak
  2577 | D:4      | Noticed a spectral ugly thing
  2577 | D:4      | Noticed a yak
  2665 | D:4      | Reached skill level 1 in Slings
  2665 | D:4      | Reached skill level 1 in Invocations
  2837 | D:4      | Found a burning altar of Makhleb.
  2839 | D:4      | Found a glowing silver altar of Zin.
  2839 | D:4      | Noticed an Executioner
  2839 | D:4      | Noticed an angel
  2865 | D:4      | Found a bloodstained altar of Trog.
  2925 | D:4      | Got a bloodstained dagger
  2926 | D:4      | Identified the +7 dagger of Fividel {pierce, MR+ Str+5}
                  | (You found it on level 4 of the Dungeon)
  2963 | D:4      | Found a sacrificial altar of Ru.
  3083 | D:5      | Entered Level 5 of the Dungeon
  3171 | D:5      | Reached XP level 7. HP: 52/61 MP: 5/7
  3186 | D:5      | Reached skill level 1 in Short Blades
  3279 | D:5      | Reached skill level 6 in Shields
  3432 | D:5      | Found a basalt altar of Yredelemnul.
  3484 | D:5      | Found a staircase to the Ecumenical Temple.
  3544 | D:5      | Found a hide-covered altar of Uskayaw.
  3544 | D:5      | Found a deep blue altar of Sif Muna.
  3576 | D:5      | Reached XP level 8. HP: 65/70 MP: 8/8
  3711 | D:5      | Reached ** piety under Nemelex Xobeh
  4084 | D:6      | Received a gift from Nemelex Xobeh
  4364 | D:6      | Found a sacrificial altar of Ru.
  4654 | D:6      | Found a radiant altar of Vehumet.
  4655 | D:6      | Found a white marble altar of Elyvilon.
  4758 | D:7      | Reached skill level 7 in Shields
  4849 | D:7      | Reached XP level 9. HP: 71/79 MP: 10/10
  4892 | D:7      | Received a gift from Nemelex Xobeh
  4947 | D:7      | Reached *** piety under Nemelex Xobeh
  5190 | D:7      | Reached skill level 9 in Shields
  5190 | D:7      | Reached XP level 10. HP: 91/91 MP: 11/13
  5494 | D:8      | Found a runed translucent door.
  5494 | D:8      | Noticed elfaar's ghost (novice MiBe)
  5774 | D:8      | Received a gift from Nemelex Xobeh
  5849 | D:8      | Found a shimmering altar of Xom.
  5854 | D:8      | Found a shimmering altar of Xom.
  5911 | D:8      | Found a glowing golden altar of the Shining One.
  6250 | D:9      | You fall through a shaft for 2 floors!
  6501 | D:10     | Entered Level 10 of the Dungeon
  6598 | D:10     | Noticed Gastronok
  6619 | D:10     | Killed Gastronok
  6619 | D:10     | Reached XP level 11. HP: 45/98 MP: 15/15
  6832 | D:10     | Received a gift from Nemelex Xobeh
  6855 | D:9      | Found Jiaxomp's Book Emporium.
  6864 | D:9      | Reached **** piety under Nemelex Xobeh
  6885 | D:9      | Reached skill level 10 in Shields
  7538 | D:9      | Reached skill level 10 in Armour
  7539 | D:9      | Received a gift from Nemelex Xobeh
  7794 | D:9      | Reached skill level 10 in Fighting
  7918 | D:10     | Noticed Grum
  7929 | D:10     | Killed Grum
  8453 | D:11     | Received a gift from Nemelex Xobeh
  8473 | D:11     | Noticed Erica
  8491 | D:11     | Killed Erica
  8745 | D:11     | Got a pair of translucent boots
  8768 | D:11     | Identified the cursed +0 pair of boots of the Doldrums
                  | {rN+++ Int-4 Dex+2 Slay-2} (You found it on level 11 of the
                  | Dungeon)
  9040 | D:11     | Found a staircase to the Lair.
  9059 | D:12     | Noticed a white ugly thing
  9080 | D:12     | Killed a green ugly thing
  9099 | D:12     | Noticed a two-headed ogre
  9108 | D:12     | Killed a two-headed ogre
  9372 | D:11     | Received a gift from Nemelex Xobeh
  9447 | D:11     | Found a staircase to the Orcish Mines.
  9802 | D:11     | Noticed Fannar
  9816 | D:11     | Killed Fannar
 10087 | D:11     | Reached XP level 12. HP: 93/108 MP: 17/17
 10154 | D:11     | Noticed Josephine
 10171 | D:11     | Killed Josephine
 10171 | D:11     | Reached skill level 11 in Shields
 10673 | Lair:1   | Entered Level 1 of the Lair of Beasts
 10693 | Lair:1   | Reached ***** piety under Nemelex Xobeh
 10712 | Lair:1   | Received a gift from Nemelex Xobeh
 10928 | Lair:2   | Noticed a four-headed hydra
 10937 | Lair:2   | Killed a four-headed hydra
 11513 | Lair:2   | Received a gift from Nemelex Xobeh
 12199 | Lair:4   | Received a gift from Nemelex Xobeh
 12507 | Lair:5   | Noticed a seven-headed hydra
 12517 | Lair:5   | Killed a six-headed hydra
 12625 | Lair:5   | Received a gift from Nemelex Xobeh
 12700 | Lair:5   | Reached XP level 13. HP: 116/116 MP: 18/18
 12725 | Lair:5   | Identified a scroll of acquirement
 12781 | Lair:6   | Entered Level 6 of the Lair of Beasts
 12781 | Lair:6   | Found a gate leading to a gauntlet.
 12984 | Lair:6   | Reached skill level 12 in Shields
 13022 | Lair:6   | Reached skill level 10 in Slings
 13451 | Lair:6   | Reached skill level 10 in Short Blades
 13494 | Lair:6   | Noticed Sonja
 13505 | Lair:6   | Killed Sonja
 13608 | Lair:6   | Received a gift from Nemelex Xobeh
 13611 | Lair:6   | Found the amulet of the Air {Inacc +Fly rElec EV+5 RMsl}
 13640 | Lair:6   | HP: 5/118 [card of wild magic (50)]
 14292 | Lair:6   | Found a staircase to the Slime Pits.
 14932 | Slime:1  | Entered Level 1 of the Pits of Slime
 14984 | Lair:6   | Reached skill level 10 in Invocations
 15097 | Lair:5   | Received a gift from Nemelex Xobeh
 15304 | Lair:5   | Reached XP level 14. HP: 28/127 MP: 20/20
 16111 | Lair:5   | Received a gift from Nemelex Xobeh
 16736 | Lair:4   | Found a staircase to the Snake Pit.
 16827 | Lair:4   | Found a staircase to the Swamp.
 17004 | Lair:4   | Reached ****** piety under Nemelex Xobeh
 17474 | Lair:3   | Reached skill level 13 in Shields
 18148 | Lair:2   | Received a gift from Nemelex Xobeh
 18747 | Lair:2   | Received a gift from Nemelex Xobeh
 19232 | Lair:1   | Got a crude turquoise ring
 19234 | Lair:1   | Identified the ring "Dagufeyz" {rCorr +Blink rC- Stlth+}
                  | (You found it on level 1 of the Lair of Beasts)
 19491 | Lair:1   | Got a shimmering quarterstaff
 19523 | Lair:1   | Identified the +3 quarterstaff "Hih Necy" {antimagic, rC++
                  | SInv} (You found it on level 1 of the Lair of Beasts)
 20133 | D:11     | You fall through a shaft!
 20237 | D:12     | Received a gift from Nemelex Xobeh
 20259 | Orc:1    | Entered Level 1 of the Orcish Mines
 20325 | Orc:1    | Noticed a stone giant
 20332 | Orc:1    | Killed a stone giant
 20404 | Orc:2    | Entered Level 2 of the Orcish Mines
 20607 | Orc:2    | Received a gift from Nemelex Xobeh
 20684 | Orc:2    | Noticed Erolcha
 20691 | Orc:2    | Killed Erolcha
 20761 | Orc:2    | Found Futtidd's Distillery.
 20812 | Orc:2    | Found Zisayjats's Distillery.
 20838 | Orc:2    | Bought a potion of mutation for 104 gold pieces
 20840 | Orc:2    | Bought a potion of mutation for 120 gold pieces
 20872 | Orc:2    | Gained mutation: You expend magic power (3 MP) to
                  | strengthen your wands. [potion of mutation]
 20872 | Orc:2    | Gained mutation: You are robust. (+10% HP) [potion of
                  | mutation]
 20875 | Orc:2    | Lost mutation: You are robust. (+10% HP) [potion of
                  | mutation]
 20875 | Orc:2    | Lost mutation: You expend magic power (3 MP) to strengthen
                  | your wands. [potion of mutation]
 20875 | Orc:2    | Gained mutation: Your magical capacity is low. (-10% MP)
                  | [potion of mutation]
 20875 | Orc:2    | Gained mutation: You are partially covered in thin metallic
                  | scales. (AC +2) [potion of mutation]
 20875 | Orc:2    | Gained mutation: You have supernaturally acute eyesight.
                  | (SInv) [potion of mutation]
 21134 | Orc:2    | Received a gift from Nemelex Xobeh
 21155 | Orc:2    | Noticed Saint Roka
 21920 | Orc:2    | Found Jirodot's Antique Armour Emporium.
 21927 | Orc:2    | Bought a faintly humming chain mail for 228 gold pieces
 21963 | Orc:2    | Identified the +6 chain mail "Xuufog" {*Contam rC- Dex+6
                  | SInv} (You bought it in a shop on level 2 of the Orcish
                  | Mines)
 21965 | Orc:2    | Bought a warped ring mail for 216 gold pieces
 21975 | Orc:2    | Identified the +0 ring mail "Kutsodd" {*Contam Int+9} (You
                  | bought it in a shop on level 2 of the Orcish Mines)
 21975 | Orc:2    | Gained mutation: You are dopey. (Int -2) [mutagenic glow]
 21978 | Orc:2    | Bought a pitted ring mail for 216 gold pieces
 21989 | Orc:2    | Identified the +4 ring mail of the Flute {rC+ Int+2 Dex+2}
                  | (You bought it in a shop on level 2 of the Orcish Mines)
 22005 | Orc:2    | Gained mutation: Your body sometimes deteriorates upon
                  | taking damage. [mutagenic glow]
 22026 | Orc:2    | Found a staircase to the Elven Halls.
 22061 | Orc:2    | Gained mutation: You are agile. (Dex +2) [mutagenic glow]
 22161 | Orc:2    | Noticed Saint Roka
 22161 | Orc:2    | Saint Roka changed into Saint Roka the sphinx
 22162 | Orc:2    | Paralysed by Saint Roka for 6 turns
 22167 | Orc:2    | Killed Saint Roka the sphinx
 22824 | Orc:2    | Reached XP level 15. HP: 47/136 MP: 19/19
 23227 | Orc:2    | Found Lefis's Book Boutique.
 23227 | Orc:2    | Found Tiakar's Antique Weapon Shop.
 23227 | Orc:2    | Found a one-way gate leading to the halls of Pandemonium.
 23605 | Swamp:1  | Entered Level 1 of the Swamp
 23746 | Swamp:3  | Reached skill level 14 in Shields
 23963 | Swamp:2  | Received a gift from Nemelex Xobeh
 24541 | Swamp:4  | Entered Level 4 of the Swamp
 24811 | Swamp:4  | Noticed a thorn hunter
 24823 | Swamp:4  | HP: 6/137 [spriggan druid/angry trees (19)]
 24824 | Swamp:4  | Mangled by a thorn hunter

Skill      XL: |  1  2  3  4  5  6  7  8  9 10 11 12 13 14 15 |
---------------+----------------------------------------------+-----
Fighting       | 4 5 6 7 9 10 11 12 13 | 13.9
Armour         | 4 5 6 7 9 10 11 12 13 | 13.9
Shields        | 4 5 6 7 9 10 11 12 13 14 | 14.1
Axes           | 3 4 |  4.7
Slings         | 1 2 4 6 7 8 9 10 11 12 | 12.2
Invocations    | 1 2 3 6 7 8 9 10 11 | 11.3
Short Blades   | 2 3 6 7 8 9 10 11 | 11.9

Action                   |  1- 3 |  4- 6 |  7- 9 | 10-12 | 13-15 || total
-------------------------+-------+-------+-------+-------+-------++-------
Melee: War axe           |    74 |   155 |       |       |       ||   229
       Headbutt          |     7 |    23 |    42 |   153 |   195 ||   420
       Dagger            |       |    13 |   187 |   590 |   715 ||  1505
       Scimitar          |       |       |       |     8 |    28 ||    36
 Fire: Hunting sling     |       |    38 |    54 |   209 |     2 ||   303
       Fustibalus        |       |       |       |       |   331 ||   331
Throw: Stone             |       |     1 |     1 |       |     1 ||     3
       Tomahawk          |       |       |       |    15 |     4 ||    19
       Javelin           |       |       |       |       |    12 ||    12
Invok: Stack Five        |       |       |       |       |     1 ||     1
 Abil: Draw Destruction  |       |       |     3 |    13 |    34 ||    50
       Draw Escape       |       |       |     1 |     7 |     9 ||    17
       Draw Summoning    |       |       |     1 |    12 |    19 ||    32
       Draw Stack        |       |       |       |       |     3 ||     3
       Evoke Blink       |       |       |       |       |     3 ||     3
Evoke: Wand              |       |       |       |     6 |     8 ||    14
       Sack of spiders   |       |       |       |       |     1 ||     1
  Use: Scroll            |       |       |     2 |     7 |    19 ||    28
       Potion            |       |       |     1 |     6 |    17 ||    24
 Stab: Paralysed         |       |       |     1 |       |     4 ||     5
       Petrifying        |       |       |       |     1 |       ||     1
       Distracted        |       |       |       |       |     3 ||     3
       Petrified         |       |       |       |       |     4 ||     4
       Sleeping          |       |       |       |       |     1 ||     1
       Confused          |       |       |       |       |     3 ||     3
  Eat: Chunk             |       |     4 |     3 |    10 |     6 ||    23
       Ration            |       |     1 |     1 |     4 |    10 ||    16
Armor: Scale mail        |    29 |    59 |       |       |       ||    88
       Chain mail        |       |    24 |    55 |       |    20 ||    99
       Leather armour    |       |       |       |    78 |    67 ||   145
       Ring mail         |       |       |       |       |    46 ||    46
       Skin              |       |       |       |       |     2 ||     2
Dodge: Dodged            |    28 |    37 |    37 |   154 |   151 ||   407
Block: Shield            |    42 |    82 |    82 |   294 |   343 ||   843
       Rpst.: Scimitar   |       |       |       |       |     2 ||     2
